NCAA
NORTH CAROLINA STATE WOLFPACK @ STANFORD CARDINAL
04/02/2023
 
TOP OF THE 1ST
North Carolina State Wolfpack batting - Pitching for Stanford Cardinal : LHP Miguel Muñíz
Pitching: LHP Miguel Muñíz
Batting: RHB Eugene Booth 0-0: Ball
1-0: Called Strike
1-1: SOLO HOME RUN (Flyball, 9D), Distance : 360 ft
Batting: RHB Donald Hoover 0-0: Ball
1-0: Ground out 6-3 (Groundball, 6M)
Batting: RHB Javier Morales 0-0: Ball
1-0: Ball
2-0: Fly out, F8 (Flyball, 8LD)
Batting: LHB Chris Waggoner 0-0: Called Strike
0-1: Foul Ball, location: 2F
0-2: Ball
1-2: Ball
2-2: Foul Ball, location: 2F
2-2: Strikes out swinging
Top of the 1st over - 1 run(s), 1 hit(s), 0 error(s), 0 left on base; North Carolina State 1 - Stanford 0
BOTTOM OF THE 1ST
Stanford Cardinal batting - Pitching for North Carolina State Wolfpack : RHP Leonard Christensen
Pitching: RHP Leonard Christensen
Batting: SHB Dave Henley 0-0: Swinging Strike
0-1: Called Strike
0-2: Strikes out swinging
Batting: SHB Pedro Contreras 0-0: Foul Ball, location: 2F
0-1: Ball
1-1: Ground out U3 (Groundball, 3)
Batting: RHB Dave Roberts 0-0: Foul Ball, location: 2F
0-1: Foul Ball, location: 2F
0-2: Ball
1-2: Ball
2-2: Ground out 6-3 (Groundball, 6)
Bottom of the 1st over - 0 run(s), 0 hit(s), 0 error(s), 0 left on base; North Carolina State 1 - Stanford 0
TOP OF THE 2ND
North Carolina State Wolfpack batting - Pitching for Stanford Cardinal : LHP Miguel Muñíz
Batting: RHB Rafael Rosário 0-0: Fly out, F2 (Popup, 2RF)
Batting: LHB Danny Bane 0-0: Swinging Strike
0-1: Ground out 6-3 (Groundball, 6)
Batting: RHB Richard Heath 0-0: Called Strike
0-1: Ground out 6-3 (Groundball, 6)
Top of the 2nd over - 0 run(s), 0 hit(s), 0 error(s), 0 left on base; North Carolina State 1 - Stanford 0
BOTTOM OF THE 2ND
Stanford Cardinal batting - Pitching for North Carolina State Wolfpack : RHP Leonard Christensen
Batting: LHB Frank Young 0-0: Called Strike
0-1: Ball
1-1: Ball
2-1: Ball
3-1: SINGLE (Groundball, 34)
Batting: LHB Alberto Roberts 0-0: Grounds into double play, 4-6-3 (Groundball, 4)
Batting: LHB António García 0-0: Ball
1-0: Called Strike
1-1: Fly out, F9 (Flyball, 89M)
Bottom of the 2nd over - 0 run(s), 1 hit(s), 0 error(s), 0 left on base; North Carolina State 1 - Stanford 0
TOP OF THE 3RD
North Carolina State Wolfpack batting - Pitching for Stanford Cardinal : LHP Miguel Muñíz
Batting: RHB José Orozco 0-0: Called Strike
0-1: Foul Ball, location: 2F
0-2: Ball
1-2: Strikes out looking
Batting: RHB Dennis Mays 0-0: Ball
1-0: Ball
2-0: Called Strike
2-1: Ball
3-1: Foul Ball, location: 2F
3-2: Foul Ball, location: 2F
3-2: Base on Balls
Batting: RHB Eugene Booth 0-0: Ball
1-0: Fly out, F9 (Flyball, 89S)
Batting: RHB Donald Hoover 0-0: Ball
1-0: Ball
2-0: Foul Ball, location: 2F
2-1: Ball
3-1: Base on Balls
Dennis Mays to second
Batting: RHB Javier Morales 0-0: Reached on error, E5 (Groundball, 5S)
Dennis Mays to third
Donald Hoover to second
Batting: LHB Chris Waggoner 0-0: SINGLE (Groundball, 4MD)
Dennis Mays scores
Donald Hoover to third
Javier Morales to second
Runner from 3rd tries for Home, SAFE, throw made home
Javier Morales to third
Chris Waggoner to second
Batting: RHB Rafael Rosário 0-0: Fly out, F9 (Flyball, 9M)
Top of the 3rd over - 2 run(s), 1 hit(s), 1 error(s), 2 left on base; North Carolina State 3 - Stanford 0
BOTTOM OF THE 3RD
Stanford Cardinal batting - Pitching for North Carolina State Wolfpack : RHP Leonard Christensen
Batting: RHB Bill Hansen 0-0: Ball
1-0: Ball
2-0: Ball
3-0: Base on Balls
Batting: SHB Barney Hudson 0-0: Called Strike
0-1: Called Strike
0-2: Strikes out swinging
Batting: LHB Caleb Hall 0-0: Ball
1-0: Foul Ball, location: 2F
1-1: Ball
2-1: Ball
3-1: Base on Balls
Bill Hansen to second
Batting: SHB Dave Henley 0-0: Ball
1-0: Fielders Choice at 2nd, 1-4 (Groundball, 15S)
Bill Hansen to third
Batting: SHB Pedro Contreras 0-0: Ball
Dave Henley steals 2nd base
1-0: Foul Ball, location: 2F
1-1: Ball
2-1: Ball
3-1: Base on Balls
Batting: RHB Dave Roberts 0-0: Foul Ball, location: 2F
0-1: Ball
1-1: GRAND SLAM HOME RUN (Flyball, 7D), Distance : 358 ft
Batting: LHB Frank Young 0-0: Ball
1-0: Ball
2-0: SOLO HOME RUN (Flyball, 7LD), Distance : 336 ft
Batting: LHB Alberto Roberts 0-0: Ball
1-0: Ball
2-0: Foul Ball, location: 2F
2-1: Fly out, F7 (Flyball, 7S)
Bottom of the 3rd over - 5 run(s), 2 hit(s), 0 error(s), 0 left on base; North Carolina State 3 - Stanford 5
TOP OF THE 4TH
North Carolina State Wolfpack batting - Pitching for Stanford Cardinal : LHP Miguel Muñíz
Batting: LHB Danny Bane 0-0: Ball
1-0: Ball
2-0: Foul Ball, location: 2F
2-1: Foul Ball, location: 2F
2-2: SINGLE (Flyball, 8LS)
Batting: RHB Richard Heath 0-0: Called Strike
0-1: Ball
1-1: Ball
2-1: Foul Ball, location: 2F
2-2: Strikes out looking
Batting: RHB José Orozco 0-0: Called Strike
0-1: Foul Ball, location: 2F
0-2: Fielders Choice at 2nd, 6-4 (Groundball, 6)
Batting: RHB Dennis Mays 0-0: Ball
1-0: Swinging Strike
1-1: DOUBLE (Line Drive, 5D)
José Orozco to third
Batting: RHB Eugene Booth 0-0: SINGLE (Flyball, 8RS)
José Orozco scores
Dennis Mays to third
Runner from 3rd tries for Home, SAFE, no throw or cutoff
Batting: RHB Donald Hoover 0-0: Called Strike
Eugene Booth steals 2nd base
0-1: Ball
1-1: Ball
2-1: Ball
3-1: Base on Balls
Batting: RHB Javier Morales 0-0: Ball
1-0: Called Strike
1-1: Foul Ball, location: 2F
1-2: Foul Ball, location: 2F
1-2: DOUBLE (Line Drive, 56D)
Eugene Booth scores
Donald Hoover to third
Batting: LHB Chris Waggoner 0-0: Fly out, F8 (Flyball, 8RS)
Top of the 4th over - 3 run(s), 4 hit(s), 0 error(s), 2 left on base; North Carolina State 6 - Stanford 5
BOTTOM OF THE 4TH
Stanford Cardinal batting - Pitching for North Carolina State Wolfpack : RHP Leonard Christensen
Batting: LHB António García 0-0: Ball
1-0: Foul Ball, location: 2F
1-1: Ground out U3 (Groundball, 3)
Batting: RHB Bill Hansen 0-0: Called Strike
0-1: Fly out, F9 (Flyball, 89M)
Batting: SHB Barney Hudson 0-0: DOUBLE (Line Drive, 7LS)
Batting: LHB Caleb Hall 0-0: Swinging Strike
0-1: Swinging Strike
0-2: Ball
1-2: DOUBLE (Flyball, 7LM)
Barney Hudson scores
Batting: SHB Dave Henley 0-0: Ball
1-0: Swinging Strike
1-1: SINGLE (Line Drive, 34D)
Caleb Hall to third
Runner from 3rd tries for Home, SAFE, no throw or cutoff
Pitching: RHP Rick Hernández
Batting: SHB Pedro Contreras 0-0: Ball
1-0: Called Strike
1-1: Ball
2-1: Foul Ball, location: 2F
2-2: Strikes out swinging
Bottom of the 4th over - 2 run(s), 3 hit(s), 0 error(s), 1 left on base; North Carolina State 6 - Stanford 7
TOP OF THE 5TH
North Carolina State Wolfpack batting - Pitching for Stanford Cardinal : LHP Miguel Muñíz
Batting: RHB Rafael Rosário 0-0: Ball
1-0: Called Strike
1-1: Called Strike
1-2: Foul Ball, location: 2F
1-2: Ball
2-2: Foul Ball, location: 2F
2-2: Foul Ball, location: 2F
2-2: Fly out, F7 (Flyball, 78M)
Batting: LHB Danny Bane 0-0: Ball
1-0: Swinging Strike
1-1: Ball
2-1: Swinging Strike
2-2: Ball
3-2: Foul Ball, location: 2F
3-2: Fly out, F7 (Flyball, 78S)
Batting: RHB Richard Heath 0-0: Called Strike
0-1: Called Strike
0-2: Fly out, F5 (Line Drive, 5)
Top of the 5th over - 0 run(s), 0 hit(s), 0 error(s), 0 left on base; North Carolina State 6 - Stanford 7
BOTTOM OF THE 5TH
Stanford Cardinal batting - Pitching for North Carolina State Wolfpack : RHP Rick Hernández
Batting: RHB Dave Roberts 0-0: Hit by Pitch
Batting: LHB Frank Young 0-0: Ball
1-0: Foul Ball, location: 2F
1-1: Foul Ball, location: 2F
1-2: Foul Ball, location: 2F
1-2: Foul Ball, location: 2F
1-2: Strikes out swinging
Batting: LHB Alberto Roberts 0-0: Foul Ball, location: 2F
0-1: Ball
1-1: 2-RUN HOME RUN (Flyball, 89XD), Distance : 381 ft
Batting: LHB António García 0-0: Foul Ball, location: 2F
0-1: Ball
1-1: Swinging Strike
1-2: Ball
2-2: Ball
3-2: Foul Ball, location: 2F
3-2: DOUBLE (Line Drive, 4)
Batting: RHB Bill Hansen 0-0: Called Strike
0-1: Fly out, F7 (Line Drive, 7S)
Batting: SHB Barney Hudson 0-0: Ground out 6-3 (Groundball, 6M)
Bottom of the 5th over - 2 run(s), 2 hit(s), 0 error(s), 1 left on base; North Carolina State 6 - Stanford 9
TOP OF THE 6TH
North Carolina State Wolfpack batting - Pitching for Stanford Cardinal : LHP Miguel Muñíz
Pitching: RHP Cam Sparks
Batting: RHB José Orozco 0-0: Fly out, F7 (Flyball, 78M)
Batting: RHB Dennis Mays 0-0: DOUBLE (Line Drive, 9LS)
Batting: RHB Eugene Booth 0-0: Foul Ball, location: 2F
0-1: Ball
1-1: Foul Ball, location: 2F
1-2: Fly out, F8 (Flyball, 8RM)
Batting: RHB Donald Hoover 0-0: Ball
1-0: Foul Ball, location: 2F
1-1: Called Strike
1-2: Strikes out swinging
Top of the 6th over - 0 run(s), 1 hit(s), 0 error(s), 1 left on base; North Carolina State 6 - Stanford 9
BOTTOM OF THE 6TH
Stanford Cardinal batting - Pitching for North Carolina State Wolfpack : RHP Rick Hernández
Batting: LHB Caleb Hall 0-0: Ground out U3 (Groundball, 3)
Batting: SHB Dave Henley 0-0: Ball
1-0: Ball
2-0: Called Strike
2-1: Fly out, F7 (Line Drive, 7M)
Batting: SHB Pedro Contreras 0-0: Ball
1-0: Called Strike
1-1: Ball
2-1: Called Strike
2-2: Ball
3-2: Strikes out swinging
Bottom of the 6th over - 0 run(s), 0 hit(s), 0 error(s), 0 left on base; North Carolina State 6 - Stanford 9
TOP OF THE 7TH
North Carolina State Wolfpack batting - Pitching for Stanford Cardinal : RHP Cam Sparks
Batting: RHB Javier Morales 0-0: Called Strike
0-1: Swinging Strike
0-2: Ball
1-2: Ball
2-2: Fly out, F4 (Popup, 34D)
Batting: LHB Chris Waggoner 0-0: DOUBLE (Groundball, 5D)
Batting: RHB Rafael Rosário 0-0: Ball
1-0: Ball
2-0: Called Strike
2-1: Fly out, F7 (Flyball, 78M)
Batting: LHB Danny Bane 0-0: Foul Ball, location: 2F
0-1: Ball
1-1: Ball
2-1: Foul Ball, location: 2F
2-2: Foul Ball, location: 2F
2-2: Ball
3-2: Strikes out looking
Top of the 7th over - 0 run(s), 1 hit(s), 0 error(s), 1 left on base; North Carolina State 6 - Stanford 9
BOTTOM OF THE 7TH
Stanford Cardinal batting - Pitching for North Carolina State Wolfpack : RHP Rick Hernández
Pitching: RHP Michael Funk
Batting: RHB Dave Roberts 0-0: Called Strike
0-1: Foul Ball, location: 2F
0-2: Strikes out swinging
Batting: LHB Frank Young 0-0: Ground out 1-3 (Groundball, 13)
Batting: LHB Alberto Roberts 0-0: SINGLE (Line Drive, 4MD)
Batting: LHB António García 0-0: Called Strike
0-1: Ball
1-1: Foul Ball, location: 2F
1-2: Foul Ball, location: 2F
1-2: Ball
2-2: Ground out U3 (Groundball, 3L)
Bottom of the 7th over - 0 run(s), 1 hit(s), 0 error(s), 1 left on base; North Carolina State 6 - Stanford 9
TOP OF THE 8TH
North Carolina State Wolfpack batting - Pitching for Stanford Cardinal : RHP Cam Sparks
Pitching: RHP Tom Newell
Batting: RHB Richard Heath 0-0: Ball
1-0: SINGLE (Line Drive, 56D)
Batting: RHB José Orozco 0-0: Called Strike
0-1: Foul Ball, location: 2F
0-2: Ball
Wild Pitch!
Richard Heath to second
1-2: Ball
2-2: Strikes out looking
Batting: RHB Dennis Mays 0-0: Foul Ball, location: 2F
0-1: Ball
1-1: Foul Ball, location: 2F
1-2: Fly out, F8 (Flyball, 8LM)
Batting: RHB Eugene Booth 0-0: Ball
1-0: Ball
2-0: Ball
3-0: Foul Ball, location: 2F
3-1: Called Strike
3-2: Base on Balls
Batting: RHB Donald Hoover 0-0: Called Strike
0-1: Called Strike
0-2: SINGLE (Groundball, 5S)
Richard Heath to third
Eugene Booth to second
Runner from 3rd tries for Home, SAFE, no throw or cutoff
Batting: RHB Javier Morales 0-0: Called Strike
0-1: SINGLE (Groundball, 4M)
Eugene Booth to third
Donald Hoover to second
Runner from 3rd tries for Home, throw and OUT!
Top of the 8th over - 1 run(s), 3 hit(s), 0 error(s), 2 left on base; North Carolina State 7 - Stanford 9
BOTTOM OF THE 8TH
Stanford Cardinal batting - Pitching for North Carolina State Wolfpack : RHP Michael Funk
Batting: RHB Bill Hansen 0-0: DOUBLE (Line Drive, 5)
Batting: SHB Barney Hudson 0-0: Ball
1-0: Ball
2-0: Ball
3-0: Called Strike
3-1: Ground out 4-3 (Groundball, 4)
Bill Hansen to third
Batting: LHB Caleb Hall 0-0: Swinging Strike
0-1: Ball
1-1: Called Strike
1-2: Ball
2-2: Foul Ball, location: 2F
2-2: Strikes out swinging
Batting: SHB Dave Henley 0-0: Ball
1-0: Called Strike
1-1: Ball
2-1: Foul Ball, location: 2F
2-2: Strikes out swinging
Bottom of the 8th over - 0 run(s), 1 hit(s), 0 error(s), 1 left on base; North Carolina State 7 - Stanford 9
TOP OF THE 9TH
North Carolina State Wolfpack batting - Pitching for Stanford Cardinal : RHP Tom Newell
Pitching: RHP Brandon Williams
Now at 3B: Dave Saunders
Now at SS: Carlos Franco
Batting: LHB Chris Waggoner 0-0: Called Strike
0-1: Fly out, F9 (Line Drive, 89M)
Batting: RHB Rafael Rosário 0-0: Foul Ball, location: 2F
0-1: Called Strike
0-2: Ball
1-2: Strikes out swinging
Batting: LHB Danny Bane 0-0: Foul Ball, location: 2F
0-1: Ball
1-1: Ball
2-1: Ball
3-1: Foul Ball, location: 2F
3-2: Base on Balls
Batting: RHB Richard Heath 0-0: Fly out, F9 (Flyball, 9M)
Top of the 9th over - 0 run(s), 0 hit(s), 0 error(s), 1 left on base; North Carolina State 7 - Stanford 9
This league is powered by Out of the Park Baseball, the baseball management simulation game for PC, Mac and Linux
Wednesday, December 2nd, 2015 - OOTP Baseball 16.8 Build 38